 Dungeon Crawl Stone Soup version 0.30-b1-2-g02819fbbbe (webtiles) character file.

Game seed: 8357274688706177345

1859 Mesmaeker13 the Trooper (level 8, -3/57 (68) HPs)
             Began as a Demigod Reaver on July 16, 2023.
             Slain by a death yak (15 damage)
             ... on level 7 of the Dungeon.
             The game lasted 00:16:35 (8426 turns).

Mesmaeker13 the Trooper (Demigod Reaver)            Turns: 8426, Time: 00:16:36

HP:   -3/57 (68)    AC: 11    Str: 17    XL:     8   Next: 58%
MP:   7/18          EV: 13    Int: 22    God:
Gold: 245           SH:  0    Dex: 12    Spells: 12/16 levels left

rFire   + . .        G - +2 spear (venom)
rCold   . . .        (no shield)
rNeg    + + .        C - +2 robe {rF+}
rPois   +            (no helmet)
rElec   .            B - +0 cloak
rCorr   .            (no gloves)
SInv    .            i - +1 pair of boots
Will    +....        (no amulet) Stlth
                     y - ring "Otawoxza" {rPois rN++ AC+4 Int+3 Stlth-}
HPRegen 0.29/turn    l - ring of willpower
MPRegen 0.16/turn

%: no passive effects
@: hasted, heavily drained, very quick
A: high MP 1, forlorn, divine attributes
a: no special abilities


You were on level 7 of the Dungeon.
You visited 1 branch of the dungeon, and saw 8 of its levels.
You also visited: Sewer.

You collected 355 gold pieces.
You spent 110 gold pieces at shops.

Inventory:

Hand Weapons
 e - a +0 trident
 z - the +1 short sword of the Enchanted Forest {vamp, Will+ Int+2 Dex+2}
   (You found it on level 4 of the Dungeon)

   Int:       It affects your intelligence (+2).
   Dex:       It affects your dexterity (+2).
   Will:      It increases your willpower.
 G - a +2 spear of venom (weapon)
Missiles
 q - 20 poisoned darts (quivered)
Armour
 i - a +1 pair of boots (worn)
 B - a +0 cloak (worn)
 C - a +2 robe of fire resistance (worn)
Jewellery
 l - a ring of willpower (right hand)
 p - a ring of see invisible
 y - the ring "Otawoxza" (left hand) {rPois rN++ AC+4 Int+3 Stlth-}
   (You bought it in a shop on level 3 of the Dungeon)

   [ring of protection]

   AC:        It affects your AC (+4).
   Int:       It affects your intelligence (+3).
   rPois:     It protects you from poison.
   rN:        It greatly protects you from negative energy.
   Stlth:     It makes you less stealthy.
 D - a ring of protection from fire
Scrolls
 c - 2 scrolls of immolation
 f - 2 scrolls of teleportation
 j - a scroll of enchant armour {unknown}
 k - 4 scrolls of vulnerability {unknown}
 m - 3 scrolls of enchant weapon
 n - a scroll of butterflies {unknown}
 r - a scroll of fog {unknown}
 t - 2 scrolls of noise
 F - a scroll of magic mapping {unknown}
Potions
 a - a potion of attraction {unknown}
 d - 3 potions of resistance
 o - 4 potions of haste
 u - 2 potions of cancellation {unknown}
 v - 3 potions of mutation
 w - a potion of experience {unknown}
 x - a potion of might {unknown}
 A - a potion of lignification {unknown}
 E - 2 potions of flight {unknown}


   Skills:
 + Level 5.1 Fighting
 - Level 2.6 Maces & Flails
 + Level 1.2 Polearms
 + Level 3.0 Armour
 - Level 4.0 Dodging
 + Level 4.7 Spellcasting
 - Level 3.0 Conjurations
 + Level 3.8 Air Magic
 + Level 3.8 Poison Magic


You had 12 spell levels left.
You knew the following spells:

 Your Spells              Type           Power      Damage    Failure   Level
a - Kiss of Death         Conj/Necr      48%        2d9       5%          1
b - Mephitic Cloud        Conj/Pois/Air  21%        N/A       7%          3

Your spell library contained the following spells:

 Spells                   Type           Power      Damage    Failure   Level
 Magic Dart               Conj           72%        1d6       3%          1
 Momentum Strike          Conj/Tloc      24%        3d8       9%          2
 Call Imp                 Summ           10%        N/A       16%         2
 Dazzling Flash           Conj/Hex       24%        N/A       17%         3
 Hailstorm                Conj/Ice       12%        3d5       17%         3
 Petrify                  Tmut/Erth      5%         N/A       71%         4
 Silence                  Hex/Air        6%         N/A       78%         5
 Agony                    Necr           5%         N/A       96%         5
 Metabolic Englaciation   Hex/Ice        2%         N/A       96%         5
 Statue Form              Tmut/Erth      3%         N/A       100%        6


Dungeon Overview and Level Annotations

Branches:
Dungeon (8/15)             Temple (0/1) D:4           Sewer (visited)
   Lair: D:8-11

Shops:
D:2 !   D:3 *

Annotations:
D:6 Edmund, Pikel
D:8 1 runed translucent door, enotiy's ghost, novice GrFi


Innate Abilities, Weirdness & Mutations

You have an increased reservoir of magic. (+10% MP)
You shall have no god before yourself.
Your divine heritage dramatically boosts your attributes as you level up.


Message History

You barely miss the death yak.
The death yak is heavily wounded.
The death yak gores you!!
You are too injured to fight recklessly!
Unknown command.
You hit the death yak but do no damage.
The death yak looks as sick as possible!
The death yak is heavily wounded.
The death yak seems less confused.
The death yak gores you but does no damage.
Unknown command.
You hit the death yak.
The death yak looks as sick as possible!
The death yak is heavily wounded.
The death yak gores you!
* * * LOW HITPOINT WARNING * * *
Unknown command.
Okay, then.
You feel yourself speed up. The death yak gores you!
* * * LOW HITPOINT WARNING * * *
Casting: Mephitic Cloud (dangerous; 7% risk of failure)
Confirm with . or Enter, or press ? or * to list all spells.
Aiming: Kiss of Death (safe; 5% risk of failure)
Press: ? - help, Shift-Dir - straight line, f/p - death yak
Aim: a death yak (severely wounded, extremely poisoned, 100% to hit)
The negative energy hits the death yak.
The death yak is drained!
The death yak is severely wounded.
You feel drained. The death yak misses you.
Unknown command.
You hit the death yak.
The death yak looks as sick as possible!
The death yak is severely wounded.
Okay, then.
You aren't carrying any items that you can evoke.
Unknown command.
You hit the death yak.
The death yak looks as sick as possible!
The death yak is severely wounded.
The death yak gores you!
You die...

############
#..........##########
#.########...........
#.# ############
#.########.......####
##..Y@................
#>...######.#####.####
#..#..#####.# #.#
#..##.......#####.##
#..#######[.##.)...#
#.......)..........# #
##.##########......# #
#.#........#...(..# #
#.#.######.#.###.## #


You could see a death yak (extremely poisoned, drained).

Vanquished Creatures
  2 yaks
  A water moccasin (D:6)
  A centaur (D:7)
  2 ogres
  3 kobold brigands
  2 scorpions
  A killer bee (D:7)
  2 crimson imps
  An orc priest (D:7)
  Crazy Yiuf (D:5)
  2 hounds
  A gnoll bouda (D:7)
  3 sleepcaps
  5 iguanas
  4 orc wizards
  4 gnolls (D:7)
  8 adders
  6 river rats (Sewer)
  A shadow imp (D:5)
  4 ufetubi
  2 dart slugs
  18 orcs
  7 ball pythons
  3 bats (D:3)
  8 endoplasms
  3 giant cockroaches
  6 hobgoblins
  4 jackals (D:3)
  6 frilled lizards
  5 goblins
  28 kobolds
  24 rats
168 creatures vanquished.

Notes
Turn   | Place    | Note
-------+----------+-------------------------------------------
     0 | D:1      | Mesmaeker13 the Demigod Reaver began the quest for the Orb.
     0 | D:1      | Reached XP level 1. HP: 17/17 MP: 5/5
   269 | D:1      | Reached skill level 2 in Fighting
   295 | D:1      | Reached XP level 2. HP: 24/24 MP: 7/7
   877 | D:2      | Reached XP level 3. HP: 15/29 MP: 8/8
   995 | D:2      | Found Kun Fasy's Distillery.
  1938 | D:3      | Found Nuowaist's Assorted Antiques.
  2288 | D:3      | Found a glowing drain.
  2296 | Sewer    | Entered a sewer
  2316 | Sewer    | Reached XP level 4. HP: 37/37 MP: 10/10
  2767 | Sewer    | Reached skill level 3 in Fighting
  2767 | Sewer    | Reached XP level 5. HP: 45/45 MP: 12/12
  2771 | Sewer    | Learned a level 3 spell: Mephitic Cloud
  3052 | Sewer    | Reached skill level 1 in Air Magic
  3453 | D:3      | Bought a brightly glowing ivory ring for 110 gold pieces
  3453 | D:3      | Identified the ring "Otawoxza" {rPois rN++ AC+4 Int+3
                  | Stlth-} (You bought it in a shop on level 3 of the Dungeon)
  3475 | D:4      | Noticed an ogre
  3595 | D:3      | Killed an ogre
  3596 | D:3      | Reached skill level 1 in Poison Magic
  3596 | D:3      | Reached XP level 6. HP: 31/49 MP: 11/13
  4180 | D:4      | Found a staircase to the Ecumenical Temple.
  4272 | D:4      | Identified the +1 short sword of the Enchanted Forest
                  | {vamp, Will+ Int+2 Dex+2}
  4879 | D:5      | Entered Level 5 of the Dungeon
  5325 | D:5      | Reached XP level 7. HP: 58/58 MP: 15/15
  5465 | D:5      | Found a runed translucent door.
  5466 | D:5      | Noticed Crazy Yiuf
  5480 | D:5      | Killed Crazy Yiuf
  5637 | D:5      | Reached skill level 4 in Fighting
  6163 | D:6      | Reached skill level 1 in Armour
  6192 | D:6      | Noticed Edmund
  6199 | D:6      | Noticed Pikel
  7019 | D:7      | Reached XP level 8. HP: 67/67 MP: 17/17
  8192 | D:8      | Found a runed translucent door.
  8201 | D:8      | Noticed enotiy's ghost (novice GrFi)
  8260 | D:8      | Noticed a death yak
  8262 | D:8      | Noticed a death yak
  8276 | D:8      | Noticed a death yak
  8281 | D:7      | Reached skill level 5 in Fighting
  8404 | D:8      | Reached skill level 1 in Polearms
  8426 | D:7      | Slain by a death yak

Illustrated notes

Levels and vault maps discovered:
D:1:      elethiomel_arrival_maze, layout_rooms
D:2:      layout_basic, serial_shops, shop, serial_forest,
          infiniplex_forest_end_double, infiniplex_forest_lined_room_2,
          infiniplex_forest_lined_room_3, infiniplex_forest_clump_C,
          infiniplex_forest_fountain, infiniplex_forest_corner_1,
          infiniplex_forest_straight_5, infiniplex_forest_end_2,
          chequers_serial_rivers_large_b
D:3:      layout_basic, portal_sewer_entry_b, hellmonk_ecumenical_altar_blasted,
          serial_shops, shop
D:4:      layout_basic, minmay_temple_entry_glass
D:5:      layout_loops_ring, patterned_corridor, uniq_crazy_yiuf_cottage
D:6:      layout_cave_pools, led_xom_imps, roderic_roman_lattice,
          kennysheep_generic_room_11, uniq_pikel, uniq_edmund
D:7:      layout_basic
D:8:      kennysheep_blocky_hall, layout_basic, dpeg_lair_monsters,
          ebering_ghost_reflecting_pool, hangedman_glass_teeth,
          nicolae_shop_overcharged_wands

Skill      XL: |  1  2  3  4  5  6  7  8 |
---------------+-------------------------+-----
Fighting       | 2 3 4 5 |  5.1
Dodging        | 2 3 4 |  4.0
Spellcasting   | 2 3 4 |  4.7
Conjurations   | 3 |  3.0
Air Magic      | 1 2 3 |  3.8
Poison Magic   | 1 2 3 |  3.8
Armour         | 1 3 |  3.0
Polearms       | 1 |  1.2
Maces & Flails | |  2.6

Action                     |  1- 3 |  4- 6 |  7- 9 || total
---------------------------+-------+-------+-------++-------
  Melee: Mace              |    29 |       |       ||    29
         Trident           |    24 |       |       ||    24
         Short sword       |   109 |   283 |   302 ||   694
         Punch             |     1 |     2 |     4 ||     7
         Spear             |       |       |    50 ||    50
  Throw: Dart              |       |    19 |    27 ||    46
   Cast: Kiss of Death     |       |     2 |     2 ||     4
         Mephitic Cloud    |       |       |     6 ||     6
  Evoke: Wand              |       |       |     4 ||     4
    Use: Scroll            |     4 |     2 |     4 ||    10
         Potion            |       |       |     7 ||     7
   Stab: Sleeping          |     2 |       |       ||     2
         Confused          |       |       |     2 ||     2
 Armour: Leather armour    |    34 |    79 |    15 ||   128
         Robe              |       |       |   100 ||   100
  Dodge: Dodged            |    84 |   174 |   192 ||   450
